cohdb
Replays
Latest Replays
All Replays
Popular Replays
Top Player Replays
Match Explorer
How It Works
Community
CoH3 Stats
Reddit
Sign in to upload your games and track your stats! →
Sign in with Steam
Match 45234906
Unlisted
Match 45234906
Overview
Messages
Build Orders
End
Royal Engineer Section
Construct Section Command Post
Dingo Light Scout Car
Infantry Section
Construct Platoon Command Post
Vickers Machine Gun Team
Infantry Section
Humber Armored Car
Construct Field Infirmary
Infantry Training
6-pounder Anti-tank Gun Team
Grenade Package
6-pounder Anti-tank Gun Team
Infantry Section
Unlock M3 Stuart Light Tanks
Royal Engineer Section
M3 Stuart Light Tank
Selects Air and Sea Battlegroup
Selects Supply Surplus
Construct Resource Cache
Light Vehicle Training
Vickers Machine Gun Team
Team Weapon Training
Construct Company Command Post
Construct Resource Cache
Crusader II Medium Tank
DebaKLe
Elite_1650
Dima
Why you again
0
0
Comments
sign in to comment!
No comments posted yet!